 Dungeon Crawl Stone Soup version 0.29.1-2-gbd0b4ee654 (console) character file.

Game seed: 7216999067074906499

35 om the Caller (level 3, -2/24 HPs)
             Began as a Merfolk Summoner on Oct 24, 2022.
             Slain by an orc
             ... wielding a +3 hand axe
              (6 damage)
             ... on level 3 of the Dungeon.
             The game lasted 00:04:01 (1963 turns).

om the Caller (Merfolk Summoner)                    Turns: 1963, Time: 00:04:01

Health: -2/24      AC:  2    Str:  8    XL:     3   Next: 33%
Magic:  1/6        EV: 13    Int: 14    God:
Gold:   25         SH:  0    Dex: 16    Spells: 3/6 levels left

rFire   . . .      SeeInvis .   f - +0 dagger
rCold   . . .      Faith    .   (no shield)
rNeg    . . .      Spirit   .   a - +0 robe
rPois   .          Reflect  .   (no helmet)
rElec   .          Harm     .   (no cloak)
rCorr   .          Rampage  .   (no gloves)
Will    .....                   (no boots)
Stlth   ++........              (no amulet)
HPRegen 0.08/turn               (no ring)
MPRegen 0.10/turn               (no ring)

@: no status effects
A: (nimble swimmer 2), mertail
a: no special abilities


You were on level 3 of the Dungeon.
You visited 1 branch of the dungeon, and saw 3 of its levels.

You collected 25 gold pieces.

Inventory:

Hand Weapons
 f - a +0 dagger (weapon)
Armour
 a - a +0 robe (worn)
Scrolls
 d - 3 scrolls of blinking
 g - a scroll of teleportation
 h - a scroll of identify
Potions
 b - a potion of magic
 c - a potion of flight
 e - 2 potions of ambrosia


   Skills:
 - Level 3.0 Dodging
 + Level 2.9 Stealth
 + Level 2.4 Spellcasting
 + Level 4.3 Summonings


You had 3 spell levels left.
You knew the following spells:

 Your Spells              Type           Power      Damage    Failure   Level
a - Summon Small Mammal   Summ           52%        N/A       3%          1
b - Call Imp              Summ           13%        N/A       6%          2

Your spell library contained the following spells:

 Spells                   Type           Power      Damage    Failure   Level
 Call Canine Familiar     Summ           13%        N/A       12%         3
 Summon Guardian Golem    Hex/Summ       7%         N/A       28%         3
 Summon Lightning Spire   Summ/Air       7%         N/A       67%         4
 Orb of Destruction       Conj           0%         9d5       100%        7
 Spellforged Servitor     Conj/Summ      3%         N/A       100%        7


Dungeon Overview and Level Annotations

Branches:
Dungeon (2/15)

Altars:


Innate Abilities, Weirdness & Mutations

((You are very nimble when in or above water. (Stealth+, EV+, Speed+++)))
Your lower body shifts to a powerful aquatic tail in water.


Message History

Your crimson imp barely misses the giant cockroach.
Casting: Summon Small Mammal (safe; 3% risk of failure)
Confirm with . or Enter, or press ? or * to list all spells.
You don't have enough magic to cast this spell.
Your crimson imp blinks!
Casting: Summon Small Mammal (safe; 3% risk of failure)
Confirm with . or Enter, or press ? or * to list all spells.
A beastly little devil appears in a puff of flame.
What are your orders? t - Shout!
Orders for allies: a - Attack new target. p - Attack previous target. r - Retreat! s - Stop attacking. g - Guard the area. f - Follow me.
Anything else - Cancel.
Gang up on whom?
Press: ? - help, Dir - move target, f/p - orc
Aim: an orc, wielding a +3 hand axe and wearing a +0 chain mail (lightly wounded, ally target) Attack!
The orc closely misses you.
You swap places.
The giant cockroach waves its antennae.
The orc hits your crimson imp with a +3 hand axe.
Your crimson imp blinks!
Your crimson imp barely misses the giant cockroach.
You hit the orc but do no damage.
The orc is lightly wounded.
The orc hits you with a +3 hand axe.
You hit the orc but do no damage.
The orc is lightly wounded.
The orc hits you with a +3 hand axe!
* * * LOW HITPOINT WARNING * * *
Your crimson imp hits the giant cockroach but does no damage.
The orc attacks as you move away! The orc completely misses you.
The giant cockroach bites your crimson imp but does no damage.
Your crimson imp hits the giant cockroach.
The giant cockroach dies!
Unknown command.
Your crimson imp blinks!
The orc attacks as you move away! The orc misses you.
The orc attacks as you move away! The orc hits you with a +3 hand axe.
You die...

#.##...# #.###.##
#.# #.# #.# #.#
#.# #.# #.# #.#
#.# #.#
##########.###.#
#...........o@.#
...########.#####
#.# #.# #.. ###


You could see an orc.

Vanquished Creatures
  An adder (D:2)
  A dart slug (D:1)
  2 endoplasms
  A hobgoblin (D:1)
  A jackal (D:1)
  2 kobolds (D:1)
  2 bats (D:1)
  2 rats (D:1)
12 creatures vanquished.

Vanquished Creatures (collateral kills)
  2 orcs (D:3)
  2 giant cockroaches (D:3)
  A hobgoblin (D:1)
  A jackal (D:1)
  A bat (D:1)
  A kobold (D:1)
  A rat (D:1)
9 creatures vanquished.

Grand Total: 21 creatures vanquished

Notes
Turn   | Place    | Note
-------+----------+-------------------------------------------
     0 | D:1      | om the Merfolk Summoner began the quest for the Orb.
     0 | D:1      | Reached XP level 1. HP: 13/13 MP: 3/3
   344 | D:1      | Found a faded altar of an unknown god.
   413 | D:1      | Reached XP level 2. HP: 8/19 MP: 5/5
  1491 | D:2      | Reached XP level 3. HP: 24/24 MP: 6/6
  1546 | D:2      | You fall into a shaft and drop 1 floor!
  1550 | D:3      | Learned a level 2 spell: Call Imp
  1642 | D:3      | HP: 1/24 [orc/+3 hand axe (4)]
  1963 | D:3      | Slain by an orc

Illustrated notes

Levels and vault maps discovered:
D:1:      lemuel_arrival_broad_hall, layout_basic,
          hellmonk_ecumenical_altar_blasted
D:2:      layout_basic, serial_forest, infiniplex_forest_straight_2,
          infiniplex_forest_end_2, infiniplex_forest_straight_3,
          infiniplex_forest_lined_4_way, infiniplex_forest_clump_curved,
          infiniplex_forest_lined_room_2, infiniplex_forest_straight_5,
          nicolae_concentric_dashed_squares_mild
D:3:      layout_loops_ring, nicolae_overflow_crystal_walls, uniq_terence

Skill      XL: |  1  2 |
---------------+-------+-----
Dodging        | 3 |  3.0
Stealth        | |  2.9
Spellcasting   | |  2.4
Summonings     | |  4.3

Action                   || total
-------------------------++-------
Melee: Unarmed           ||    21
       Dagger            ||    65
 Cast: Summon Small Mamm ||    19
       Call Imp          ||     3
  Use: Scroll            ||     4
 Stab: Sleeping          ||     4
Armor: Robe              ||    26
Dodge: Dodged            ||    68
